 Dungeon Crawl Stone Soup version 0.30.1-4-g462c640d31 (webtiles) character file.

Game seed: 11028287974075835615

62885 Babbit the Severer (level 14, -1/135 HPs)
             Began as a Minotaur Fighter on Aug 14, 2023.
             Was the Champion of Okawaru.
             Slain by an orc knight
             ... wielding a +1 battleaxe of electrocution
              (19 damage)
             ... on level 2 of the Orcish Mines.
             The game lasted 01:26:07 (18845 turns).

Babbit the Severer (Minotaur Fighter)              Turns: 18845, Time: 01:26:07

Health: -1/135     AC: 26    Str: 25    XL:     14   Next: 66%
Magic:  14/14      EV: 12    Int:  5    God:    Okawaru [******]
Gold:   1841       SH: 17    Dex: 11    Spells: 13/13 levels left

rFire   . . .        S - +4 hand axe (venom)
rCold   + . .        c - +4 kite shield "Jilyul" {rN+}
rNeg    + . .        J - +7 Kryia's mail coat {PotionHeal*2 rC+}
rPois   .            (helmet restricted)
rElec   .            Q - +1 cloak {Will+}
rCorr   .            (no gloves)
SInv    .            n - +2 pair of boots
Will    ++...        f - amulet of the acrobat Stlth
                     E - +4 ring of slaying
HPRegen 0.42/turn    x - +4 ring of protection
MPRegen 0.14/turn

%: acrobat
@: about to teleport
A: horns 2, retaliatory headbutt
a: Renounce Religion, Heroism, Finesse, Duel


You were on level 2 of the Orcish Mines.
You worshipped Okawaru.
Okawaru was exalted by your worship.
You visited 4 branches of the dungeon, and saw 19 of its levels.

You collected 1841 gold pieces.

Inventory:

Hand Weapons
 C - a +3 dagger of flaming
 S - a +4 hand axe of venom (weapon)
Missiles
 a - a silver boomerang
 l - 2 javelins
Armour
 c - the +4 kite shield "Jilyul" (worn) {rN+}
   (You took it off an orc on level 7 of the Dungeon)

   rN:        It protects you from negative energy.
 n - a +2 pair of boots (worn)
 p - a +2 cloak
 J - the +7 Kryia's mail coat (worn) {PotionHeal*2 rC+}
   (Okawaru gifted it to you on level 10 of the Dungeon)

   PotionHeal*2: Potions heal its wearer twice as much.
   rC:        It protects you from cold.
 Q - a +1 cloak of willpower (worn)
Jewellery
 f - an amulet of the acrobat (around neck)
 k - a ring of fire
 w - a ring of see invisible
 x - a +4 ring of protection (right hand)
 E - a +4 ring of slaying (left hand)
 I - a ring of positive energy
Wands
 D - a wand of flame (9) (quivered)
 F - a wand of acid (6)
 M - a wand of roots (8)
Scrolls
 b - 2 scrolls of vulnerability {unknown}
 e - a scroll of identify
 g - 3 scrolls of teleportation
 h - a scroll of noise {unknown}
 m - 4 scrolls of fear
 r - a scroll of silence {unknown}
 t - 3 scrolls of brand weapon {unknown}
 y - a scroll of enchant weapon
 z - a scroll of poison {unknown}
 A - 3 scrolls of amnesia
 K - 2 scrolls of magic mapping {unknown}
 N - a scroll of summoning {unknown}
 P - a scroll of blinking
 R - a scroll of fog {unknown}
Potions
 d - a potion of might
 i - 3 potions of magic
 j - a potion of heal wounds
 o - 6 potions of curing
 q - a potion of cancellation
 s - 5 potions of haste
 u - 4 potions of flight
 B - 3 potions of resistance
 G - 2 potions of berserk rage
 H - 2 potions of lignification
 L - 9 potions of ambrosia
 O - a potion of brilliance


   Skills:
 + Level 15.1 Fighting
 + Level 1.4 Short Blades
 + Level 17.8 Axes
 + Level 12.2 Armour
 + Level 7.1 Dodging
 + Level 1.1 Stealth
 + Level 15.5 Shields
 + Level 2.2 Invocations
 + Level 1.6 Evocations


You had 13 spell levels left.
You didn't know any spells.
Your spell library contained the following spells:

 Spells                   Type           Power      Damage    Failure   Level
 Apportation              Tloc           0%         N/A       83%         1
 Necrotise                Necr           0%         1d4       83%         1
 Shock                    Conj/Air       0%         1d3       83%         1
 Lesser Beckoning         Tloc           0%         N/A       92%         2
 Passwall                 Tmut/Erth      0%         N/A       92%         2
 Sublimation of Blood     Necr           0%         N/A       92%         2
 Wereblood                Tmut           0%         N/A       92%         2
 Dazzling Flash           Conj/Hex       0%         N/A       99%         3
 Gell's Gravitas          Tloc           0%         N/A       99%         3
 Swiftness                Air            0%         N/A       99%         3
 Teleport Other           Tloc           0%         N/A       99%         3
 Vampiric Draining        Necr           0%         2d6       99%         3
 Airstrike                Air            0%         2d(0-16)  100%        4
 Ice Form                 Ice/Tmut       0%         N/A       100%        4
 Agony                    Necr           0%         N/A       100%        5
 Irradiate                Conj/Tmut      0%         3d11      100%        5
 Silence                  Hex/Air        0%         N/A       100%        5
 Dispersal                Tloc           0%         N/A       100%        6
 Dragon Form              Tmut           0%         N/A       100%        7
 Summon Small Mammal      Summ           Unusable   N/A       N/A         1
 Summon Hydra             Summ           Unusable   N/A       N/A         7

Dungeon Overview and Level Annotations

Branches:
Dungeon (11/15)            Temple (1/1) D:4            Lair (5/5) D:10
  Swamp (0/4) Lair:2       Spider (0/4) Lair:3        Slime (0/5) Lair:5
    Orc (2/2) D:9             Elf (0/3) Orc:2

Altars:
Cheibriados
Elyvilon
Fedhas
Gozag
Makhleb
Nemelex Xobeh
Okawaru
Qazlal
Ru
Sif Muna
Trog
Uskayaw
Vehumet
Wu Jian
Xom
Yredelemnul
Zin
The Shining One
Jiyva

Shops:
D:1 (   D:6 [

Annotations:
Lair:1 exclusion: oklob plant
Lair:5 exclusion: oklob plant


Innate Abilities, Weirdness & Mutations

You have a pair of horns on your head.
You reflexively headbutt those who attack you in melee.


Message History

You headbutt the orc knight, but do no damage.
The orc knight is moderately wounded.
You hit the orc warrior.
The orc warrior is poisoned.
You hit the orc knight.
The orc knight looks as sick as possible!
The orc knight is heavily wounded.
You hit the orc warrior.
The orc warrior looks as sick as possible!
The orc knight hits you from afar with a +0 halberd!!
You block the orc knight's attack.
The orc priest begins to cast a cantrip, but forgets the words!
An orc warrior comes into view. It is wielding a +0 war axe. x2
You slash the orc high priest!
The orc high priest looks as sick as possible!
You headbutt the orc high priest!
The orc high priest is moderately wounded.
You closely miss the orc knight. x2
You slash the orc high priest!
The orc high priest looks as sick as possible!
The orc high priest is severely wounded.
You closely miss the orc knight. You hit the orc knight.
The orc knight is poisoned.
The orc knight roars a battlecry!
The orc high priest prays to Beogh.
The orc priest looks satisfied for a moment.
The orc priest casts a cantrip, but nothing happens.
The orc knight hits you with a +1 battleaxe of electrocution!
The orc warrior hits you from afar with a +0 glaive!!
* * * LOW HITPOINT WARNING * * *
You hear a shout!
Unknown command.
As you read the scroll of teleportation, it crumbles to dust.
You feel strangely unstable.
The orc knight no longer looks unusually strong.
The orc high priest hits you but does no damage.
You block the orc knight's attack.
The orc high priest calls down the wrath of Beogh upon you.
Beogh smites you!
* * * LOW HITPOINT WARNING * * *
The orc knight hits you with a +1 battleaxe of electrocution!!
You die...

##
#..........###......###
.# ...........##
#.....## ##
############# #######
####### ###.....###
##.........###
#.............##
...............###
.#.#.#.#.#.#.#.#@#o#o#.
...............ooooooooo
...............#o#o.o.oo
................o44oo.o.
.#.#.#.#.#.#.#.#.#.#.#o#
...............###..o...
#.............## .....
###.........### #...
###.....### ##


You could see 5 orc knights, 2 orc high priests, a hellwing (summoned), a chaos
spawn (summoned), 7 orc warriors and 6 orc priests.

Vanquished Creatures
  A dire elephant (Lair:5)
  A minotaur (Lair:4)
  The ghost of croobank the Spry, a journeyman FeSu of Gozag (Lair:4)
  Erolcha (D:11)
  The ghost of spardeous the Thaumaturge, a journeyman DgCj (D:11)
  2 hydras (Lair:5)
  3 two-headed ogres
  5 death yaks (Lair:1)
  An orc high priest (Orc:2)
  3 boulder beetles
  2 skysharks (Lair:5)
  A fire crab (Lair:5)
  3 orc knights (Orc:2)
  A lindwurm (Lair:5)
  A cyclops (Orc:2)
  Maurice (Orc:2)
  28 elephants
  5 black mambas
  9 centaur zombies (D:10)
  9 cane toads
  A torpor snail (Lair:5)
  An unseen horror (D:10)
  An unseen horror zombie (D:10)
  3 rime drakes (Lair:5)
  9 komodo dragons
  3 trolls
  A queen bee (D:11)
  4 polar bears
  Prince Ribbit (D:5)
  Grinder (D:3)
  11 blink frogs
  4 dream sheep (Lair:5)
  3 vampires
  4 shadows
  8 wyverns
  Sigmund (D:2)
  48 yaks
  3 basilisks
  4 wraiths
  A vampire mosquito (D:9)
  Grum (D:11)
  2 redbacks (Lair:3)
  3 steam dragons
  2 wargs (Orc:1)
  2 acid dragons
  A two-headed ogre zombie (D:9)
  10 water moccasins
  A hell hound (Lair:5)
  21 orc warriors
  An ice beast (D:8)
  A sky beast (D:7)
  4 black bears
  10 wolves
  2 ogres
  A centaur (D:10)
  2 phantoms
  2 kobold brigands
  9 bullfrogs
  11 scorpions
  6 wights
  45 killer bees
  3 electric eels (Lair:2)
  4 howler monkeys
  3 lava snakes (Lair:2)
  6 hounds
  A gnoll bouda (D:6)
  2 jellies
  20 orc priests
  6 iguanas
  21 orc wizards
  7 ogre zombies (D:9)
  A howler monkey zombie (D:10)
  Robin (D:2)
  5 gnolls (D:6)
  6 adders
  2 shadow imps
  4 white imps
  3 ufetubi
  A worm (D:3)
  2 dart slugs (D:4)
  59 orcs
  3 ball pythons
  4 bats
  5 endoplasms
  7 giant cockroaches
  13 goblins
  9 hobgoblins
  2 jackals (D:2)
  4 quokkas
  4 frilled lizards
  4 goblin zombies (D:9)
  4 hobgoblin skeletons (D:9)
  A hobgoblin zombie (D:9)
  20 kobolds
  4 orc skeletons (D:9)
  12 orc zombies (D:9)
  7 rats
  4 butterflies (D:7)
592 creatures vanquished.

Vanquished Creatures (others)
  An orc (Orc:2)
1 creature vanquished.

Grand Total: 593 creatures vanquished

Notes
Turn   | Place    | Note
-------+----------+-------------------------------------------
     0 | D:1      | Babbit the Minotaur Fighter began the quest for the Orb.
     0 | D:1      | Reached XP level 1. HP: 19/19 MP: 0/0
   132 | D:1      | Got the Codex of the Shift
   179 | D:1      | Reached XP level 2. HP: 27/27 MP: 1/1
   220 | D:1      | Found Foef's Weapon Emporium.
   444 | D:1      | Found a faded altar of an unknown god.
   661 | D:2      | Reached XP level 3. HP: 28/33 MP: 2/2
   818 | D:2      | Noticed Robin
   844 | D:2      | Reached skill level 3 in Axes
   848 | D:2      | Killed Robin
   950 | D:2      | Reached XP level 4. HP: 40/40 MP: 3/3
  1134 | D:2      | Noticed Sigmund
  1139 | D:2      | Killed Sigmund
  1140 | D:2      | Reached skill level 4 in Axes
  1140 | D:2      | Reached skill level 5 in Armour
  1140 | D:2      | Reached skill level 1 in Dodging
  1140 | D:2      | Reached XP level 5. HP: 47/47 MP: 4/4
  1333 | D:3      | Reached skill level 5 in Axes
  1527 | D:3      | Found a snail-covered altar of Cheibriados.
  1568 | D:3      | Noticed Grinder
  1574 | D:3      | Paralysed by Grinder for 3 turns
  1581 | D:3      | Paralysed by Grinder for 3 turns
  1586 | D:3      | Killed Grinder
  1587 | D:3      | Reached skill level 6 in Axes
  1587 | D:3      | Reached XP level 6. HP: 25/55 MP: 5/5
  1701 | D:3      | Found a radiant altar of Vehumet.
  2057 | D:3      | Found an opulent altar of Gozag.
  2455 | D:4      | Reached XP level 7. HP: 60/60 MP: 6/6
  2550 | D:4      | Found a staircase to the Ecumenical Temple.
  2556 | Temple   | Entered the Ecumenical Temple
  2564 | Temple   | Became a worshipper of Warmaster Okawaru
  2585 | D:4      | Reached skill level 5 in Fighting
  2769 | D:4      | Identified the +1 whip of Messits {speed, *Slow Int+4
                  | Dex+5}
  2893 | D:4      | Reached skill level 7 in Axes
  3202 | D:4      | Found a glowing silver altar of Zin.
  3524 | D:5      | Entered Level 5 of the Dungeon
  3524 | D:5      | Noticed Prince Ribbit
  3584 | D:5      | Killed Prince Ribbit
  3584 | D:5      | Reached * piety under Okawaru
  3585 | D:5      | Reached XP level 8. HP: 65/69 MP: 7/7
  3617 | D:5      | Found a sacrificial altar of Ru.
  3673 | D:5      | Reached skill level 8 in Axes
  4365 | D:6      | Reached skill level 5 in Shields
  4460 | D:6      | Found Mofyril's Armour Boutique.
  4533 | D:6      | Reached ** piety under Okawaru
  4534 | D:6      | Reached skill level 9 in Axes
  5465 | D:7      | Reached XP level 9. HP: 78/78 MP: 8/8
  5507 | D:7      | Found a sparkling altar of Nemelex Xobeh.
  5749 | D:7      | Reached skill level 10 in Axes
  5751 | D:7      | Identified the +4 kite shield "Jilyul" {rN+}
  5880 | D:7      | Found a runed translucent door.
  5884 | D:7      | Found a runed translucent door.
  5897 | D:7      | Reached *** piety under Okawaru
  6128 | D:7      | Found a shimmering altar of Xom.
  6434 | D:8      | Noticed a troll
  6441 | D:8      | Killed a troll
  6442 | D:8      | Reached skill level 11 in Axes
  6763 | D:8      | Reached XP level 10. HP: 83/86 MP: 9/9
  7050 | D:8      | Reached **** piety under Okawaru
  7051 | D:8      | Reached skill level 12 in Axes
  7456 | D:9      | Noticed a two-headed ogre
  7469 | D:8      | Killed a two-headed ogre
  7469 | D:8      | Reached ***** piety under Okawaru
  7666 | D:9      | Reached skill level 13 in Axes
  7850 | D:9      | Found a staircase to the Orcish Mines.
  8115 | D:10     | Entered Level 10 of the Dungeon
  8330 | D:9      | Reached XP level 11. HP: 28/99 MP: 10/10
  8821 | D:10     | Reached skill level 10 in Armour
  8842 | D:10     | Received a gift from Okawaru
  8843 | D:10     | Found a staircase to the Lair.
  9046 | D:10     | Reached skill level 10 in Fighting
  9402 | D:10     | Reached skill level 14 in Axes
  9548 | D:10     | Found a basalt altar of Yredelemnul.
  9565 | D:10     | Reached ****** piety under Okawaru
  9723 | D:10     | Received a gift from Okawaru
  9723 | D:10     | Found the +7 Kryia's mail coat {PotionHeal*2 rC+}
  9724 | D:10     | Reached skill level 15 in Axes
  9823 | D:10     | Reached skill level 10 in Shields
 10226 | D:11     | Noticed a two-headed ogre
 10233 | D:11     | Killed a two-headed ogre
 10234 | D:11     | Reached XP level 12. HP: 108/108 MP: 11/11
 10284 | D:11     | Noticed Erolcha
 10306 | D:11     | Killed Erolcha
 10329 | D:11     | Noticed a two-headed ogre
 10335 | D:11     | Killed a two-headed ogre
 10393 | D:11     | Noticed a boulder beetle
 10406 | D:11     | Killed a boulder beetle
 10715 | D:11     | Noticed Grum
 10734 | D:11     | Killed Grum
 10973 | D:11     | Found a runed translucent door.
 10974 | D:11     | Noticed spardeous's ghost (journeyman DgCj)
 10992 | D:11     | Killed spardeous's ghost
 11205 | Lair:1   | Entered Level 1 of the Lair of Beasts
 11227 | Lair:1   | Reached skill level 16 in Axes
 11616 | Lair:1   | Reached skill level 1 in Stealth
 11688 | Lair:1   | Received a gift from Okawaru
 12093 | Lair:2   | Noticed a death yak
 12093 | Lair:2   | Noticed a death yak
 12093 | Lair:2   | Noticed a death yak
 12093 | Lair:2   | Found a staircase to the Swamp.
 12094 | Lair:2   | Noticed a death yak
 12094 | Lair:2   | Noticed a death yak
 12106 | Lair:1   | Killed a death yak
 12107 | Lair:1   | Reached XP level 13. HP: 94/118 MP: 9/12
 12187 | Lair:1   | Reached skill level 5 in Dodging
 12189 | Lair:1   | Reached skill level 1 in Invocations
 12450 | Lair:2   | Identified the +8 falchion "Xeadirum" {heavy, rF++ rC+
                  | Will-}
 13654 | Lair:3   | Found a hole to the Spider Nest.
 15051 | Lair:4   | Found a runed translucent gate.
 15053 | Lair:4   | Found a runed translucent gate.
 15057 | Lair:4   | Found a runed translucent gate.
 15062 | Lair:4   | Noticed a minotaur
 15067 | Lair:4   | Noticed croobank's ghost (journeyman FeSu)
 15070 | Lair:4   | Received a gift from Okawaru
 15093 | Lair:4   | Killed a minotaur
 15216 | Lair:4   | Killed croobank's ghost
 15465 | Lair:4   | Identified the staff of cold "Dogay" {rC+ Str+3 Dex+3
                  | Stlth+}
 15483 | Lair:4   | Reached skill level 17 in Axes
 15930 | Lair:5   | Entered Level 5 of the Lair of Beasts
 16292 | Lair:5   | Received a gift from Okawaru
 16376 | Lair:5   | Reached XP level 14. HP: 117/132 MP: 14/14
 16413 | Lair:5   | Reached skill level 1 in Evocations
 16595 | Lair:5   | Found a viscous altar of Jiyva.
 16600 | Lair:5   | Found a staircase to the Slime Pits.
 16652 | Lair:5   | Reached skill level 1 in Short Blades
 16734 | Lair:5   | Found a stormy altar of Qazlal.
 17200 | Lair:5   | Reached skill level 15 in Shields
 17628 | Orc:1    | Entered Level 1 of the Orcish Mines
 17996 | Orc:1    | Found the +4 robe of Folly {Brill Will-∞ Int+8}
 18087 | Orc:2    | Entered Level 2 of the Orcish Mines
 18101 | Orc:2    | Received a gift from Okawaru
 18115 | Orc:2    | Noticed Maurice
 18157 | Orc:2    | Killed Maurice
 18280 | Orc:2    | Found a staircase to the Elven Halls.
 18344 | Orc:2    | Reached skill level 15 in Fighting
 18845 | Orc:2    | Slain by an orc knight

Illustrated notes

Levels and vault maps discovered:
D:1:      matt_arrival_diagonals, layout_rooms, serial_shops,
          nicolae_shop_bloodbath_and_beyond,
          shapermc_ecumenical_altar_totnotflames, minmay_heptomino_o4
D:2:      layout_basic, uniq_sigmund, uniq_robin
D:3:      minmay_razor_zed, layout_basic, nicolae_vehumet_altar_sigil,
          cheibrodos_worm_habitat, grunt_gozag_statues, uniq_grinder
D:4:      layout_rooms, mainiacjoe_overflow_catwalk,
          minmay_temple_entry_nine_rooms, serial_co_window_serial,
          co_window_corner_a, co_window_paths_a, co_window_paths_a,
          co_window_of_opportunity_a, co_window_corner_a, co_window_corner_a,
          co_window_paths_b, co_window_paths_c, co_window_of_opportunity_b,
          co_window_unsneaky_path_e, co_window_unsneaky_path_e,
          co_window_cross_4, co_window_broadway_b, glass_columns_a,
          glass_columns_c
D:5:      layout_basic, general_overflow_altar, uniq_prince_ribbit1
D:6:      layout_cave_pods, serial_glass, glass_columns_a, glass_columns_b,
          feat_on_display, due_unseen_surprise, feat_on_display,
          minmay_strange_pillars, serial_shops, nicolae_shop_trees,
          amethyst_killhole, ebering_dispersal_statue_hall,
          kennysheep_generic_room_8
D:7:      lemuel_insect_pit, layout_loops_ring, xom_butterflies,
          mainiacjoe_overflow_surrounded_room, kennysheep_generic_room_5
D:8:      layout_loops_corners
D:9:      layout_rooms, zombieorc2_lemuel, hangedman_decor_slide_cut
D:10:     minmay_s_stair_smasher, layout_loops_corners,
          nicolae_yredelemnul_corpse_copse, minmay_lair_entry_grove
D:11:     layout_roguey [special_room_bee], gammafunk_ghost_grave, uniq_erolcha,
          uniq_grum
Temple:   nicolae_temple_two_arcs
Lair:1:   layout_long_grid, special_room
Lair:2:   layout_cave_pods, swamp_mist_pool, nicolae_lair_liquid_snakes
Lair:3:   layout_roguey, spider_nest_entry_a, serial_bayou_shore_b,
          infiniplex_staircase_pool_2
Lair:4:   layout_gridlike, maelrawn_ghost_gauntlet_escape, lemuel_fruit_tree
Lair:5:   evil_forest, layout_gridlike, slime_entry_1, basic_altar
Orc:1:    layout_caves, dreamdust_deal_with_the_devil
Orc:2:    st_orc_pillars, layout_caves, basic_altar, uniq_maurice

Skill      XL: |  1  2  3  4  5  6  7  8  9 10 11 12 13 14 |
---------------+-------------------------------------------+-----
Shields        | 4 5 6 8 10 12 14 15 | 15.5
Armour         | 4 5 7 8 9 11 12 | 12.2
Fighting       | 4 5 6 7 9 10 12 14 15 | 15.1
Axes           | 3 4 6 7 9 11 13 15 16 17 | 17.8
Dodging        | 1 2 3 4 6 7 |  7.1
Stealth        | 1 |  1.1
Invocations    | 2 |  2.2
Evocations     | 1 |  1.6
Short Blades   | 1 |  1.4

Action                     |  1- 3 |  4- 6 |  7- 9 | 10-12 | 13-15 || total
---------------------------+-------+-------+-------+-------+-------++-------
  Melee: War axe           |    80 |    79 |   293 |   696 |   629 ||  1777
         Headbutt          |    10 |     5 |    44 |   155 |   184 ||   398
         Hand axe          |       |       |       |       |    98 ||    98
         Dagger            |       |       |       |       |    11 ||    11
 Invoke: Heroism           |       |       |       |    10 |    11 ||    21
         Finesse           |       |       |       |       |     1 ||     1
  Evoke: Wand              |       |       |       |     6 |    18 ||    24
    Use: Scroll            |       |       |    11 |     4 |    10 ||    25
         Potion            |       |       |     1 |       |     6 ||     7
 Armour: Scale mail        |    28 |    28 |     9 |    72 |   251 ||   388
         Plate armour      |       |       |   141 |   190 |       ||   331
  Dodge: Dodged            |    48 |    35 |   130 |   212 |   262 ||   687
  Block: Buckler           |    15 |    11 |    47 |       |       ||    73
         Kite shield       |       |       |    63 |   465 |   534 ||  1062
